 Dungeon Crawl Stone Soup version 0.28.0-53-g5a82cb258f (webtiles) character file.

Game seed: 6455353742252275810

127 Nyth the Cudgeller (level 4, -4/41 HPs)
             Began as a Minotaur Berserker on Aug 8, 2022.
             Was a Believer of Trog.
             Slain by an orc wizard
             ... wielding a +1 dagger of flaming
              (5 damage)
             ... on level 4 of the Dungeon.
             The game lasted 00:09:05 (2659 turns).

Nyth the Cudgeller (Minotaur Berserker)             Turns: 2659, Time: 00:09:06

Health: -4/41      AC:  6    Str: 20 (21) XL:     4   Next: 85%
Magic:  3/3        EV:  7    Int:  1 (4)  God:    Trog [**....]
Gold:   80         SH: 11    Dex: 11 (12) Spells: 3/3 levels left

rFire   . . .      SeeInvis .   a - +1 mace
rCold   . . .      Faith    .   h - +0 tower shield
rNeg    . . .      Spirit   .   n - +0 ring mail
rPois   .          Reflect  .   (helmet restricted)
rElec   .          Harm     .   (no cloak)
rCorr   .          Rampage  .   d - +0 pair of gloves
Will    .....                   (no boots)
Stlth   +.........              (no amulet)
HPRegen 0.13/turn               (no ring)
MPRegen 0.08/turn               (no ring)

@: no status effects
A: horns 2, retaliatory headbutt
a: Renounce Religion, Berserk, Trog's Hand


You were on level 4 of the Dungeon.
You worshipped Trog.
Trog was pleased with you.
You visited 1 branch of the dungeon, and saw 4 of its levels.

You collected 80 gold pieces.

Inventory:

Hand Weapons
 a - a +1 mace (weapon)
Armour
 b - a +0 animal skin
 d - a +0 pair of gloves (worn)
 h - a +0 tower shield (worn)
 n - a +0 ring mail (worn)
Jewellery
 j - an amulet of magic regeneration
Scrolls
 c - a scroll of enchant weapon
 f - 5 scrolls of identify
 g - a scroll of vulnerability {unknown}
 i - a scroll of amnesia {unknown}
 m - a scroll of noise {unknown}
 o - a scroll of brand weapon {unknown}
 p - a scroll of fear {unknown}
 q - a scroll of fog {unknown}
Potions
 k - a potion of attraction


   Skills:
 * Level 4.3 Fighting
 * Level 5.2 Maces & Flails
 * Level 3.1 Armour
 - Level 2.5 Dodging
 - Level 0.1 Stealth
 * Level 2.0 Shields


You had 3 spell levels left.
You didn't know any spells.
Your spell library contained the following spells:

 Spells                   Type           Power      Damage    Failure   Level
 Foxfire                  Conj/Fire      0%         2x1d4     100%        1
 Shock                    Conj/Air       0%         1d3       100%        1
 Summon Small Mammal      Summ           0%         N/A       100%        1
 Conjure Flame            Conj/Fire      0%         6-21      100%        3
 Ignite Poison            Fire/Tmut/Pois 0%         N/A       100%        3
 Sticky Flame             Conj/Fire      0%         2d3       100%        4


Dungeon Overview and Level Annotations

Branches:
Dungeon (4/15)
 Temple: D:4-7

Altars:
Fedhas
Nemelex Xobeh
Okawaru
Ru
Vehumet

Shops:
D:2 (


Innate Abilities, Weirdness & Mutations

You have a pair of horns on your head.
You reflexively headbutt those who attack you in melee.


Message History

The orc wizard is heavily wounded.
The orc wizard hits you with a +1 dagger of flaming.
The orc wizard burns you. The orc wizard barely misses you.
The orc wizard gestures at you while chanting.
You are more confused.
The orc wizard hits you with a +1 dagger of flaming.
The orc wizard burns you.
You feel yourself speed up.
The orc wizard gestures wildly while chanting.
The orc wizard flickers and vanishes!
Deactivating autopickup; reactivate with Ctrl-A.
You are too confused!
You are too confused!
You're too confused to move!
You hear some strange, mumbled words.
A puff of flame appears from out of thin air!
The puff of flame hits you!
You bump into the rock wall.
You're too confused to move!
You bump into the rock wall.
Something hits you. Something burns you.
You feel less confused.
You hear some strange, mumbled words.
A puff of flame appears from out of thin air!
The puff of flame hits you!
* * * LOW HITPOINT WARNING * * *
Found a stone staircase leading down.
It was a potion of degeneration.
There was something very wrong with that liquid.
You feel weakened.
You feel dopey.
You feel clumsy.
You recover from your berserk rage.
You hear some strange, mumbled words.
A puff of flame appears from out of thin air!
The puff of flame hits you.
* * * LOW HITPOINT WARNING * * *
You closely miss something. You headbutt something.
Something hits you but does no damage.
You hear some strange, mumbled words.
Something tries to affect you, but you resist.
You closely miss something. Something hits you.
You die...

*,,,,,,* *,,,,*
*****###,****,,,,******
****,,,,...,,,,,,,,,,,,,,,
********,,,,,,,..#,****,,,,******
,,,,,,,*,**,***#.#,,,,,,,,,,,,,,,
******,*,**,* #.#.####*,.,,,***,
*,*,*#.####.##...##.,,,,***,
*,*,*#>............,,,,,,,,,
*,*,,,,,**#@##...#*,,,,,***,
*,*,,,,,**#{##...#*,,,,,* *,
*****,*,,,,,,,#.##...#*,,,,,* *,
*,,,,,**,,,,*,#...).†#*,,,,,* *,
*,,,,,**,,,,*,####.).#*,,,,,* *,
*,,,,,**,,,,#.####...#******* *,
*****,******#......†.# *, ***,*
#####....# *,
*,,,*******#.....### *,


There were no monsters in sight!

Vanquished Creatures
  An iguana (D:4)
  4 adders
  A worm (D:3)
  2 dart slugs
  9 orcs
  5 endoplasms
  A giant cockroach (D:4)
  4 goblins
  5 hobgoblins
  2 jackals
  4 ball pythons
  2 bats
  4 frilled lizards (D:1)
  6 rats
50 creatures vanquished.

Notes
Turn   | Place    | Note
-------+----------+-------------------------------------------
     0 | D:1      | Nyth the Minotaur Berserker began the quest for the Orb.
     0 | D:1      | Reached XP level 1. HP: 19/19 MP: 0/0
    25 | D:1      | Got Cusoat's Witchcraft 101
   359 | D:1      | Reached XP level 2. HP: 27/27 MP: 1/1
   422 | D:1      | Reached skill level 4 in Maces & Flails
  1116 | D:2      | Reached XP level 3. HP: 33/33 MP: 2/2
  1177 | D:2      | Found Ufeiss's Antique Weapon Shoppe.
  1362 | D:2      | Found a radiant altar of Vehumet.
  1618 | D:3      | Found an iron altar of Okawaru.
  1891 | D:3      | Reached skill level 1 in Shields
  2189 | D:3      | Reached XP level 4. HP: 35/40 MP: 3/3
  2349 | D:3      | Found a sacrificial altar of Ru.
  2381 | D:3      | Found a sparkling altar of Nemelex Xobeh.
  2455 | D:3      | Found a blossoming altar of Fedhas.
  2616 | D:4      | Reached skill level 5 in Maces & Flails
  2617 | D:4      | Reached ** piety under Trog
  2657 | D:4      | HP: 1/41 [something/puff of flame (6)]
  2659 | D:4      | Slain by an orc wizard

Illustrated notes

Levels and vault maps discovered:
D:1:      erik_arrival_blinker_ship, layout_rooms
D:2:      layout_basic, serial_shops, nicolae_shop_window_shopping, basic_altar,
          chequers_serial_rivers_micro_b, minmay_hexomino_c4
D:3:      layout_rooms, okawaru_metal_pillars_1_2, mainiacjoe_overflow_24_doors,
          mainiacjoe_overflow_two_lobes
D:4:      layout_basic, lemuel_old_faithful, uniq_sigmund

Skill      XL: |  1  2  3  4 |
---------------+-------------+-----
Maces & Flails | 4 5 |  5.2
Fighting       | 4 |  4.3
Shields        | 1 2 |  2.0
Armour         | 3 |  3.1
Dodging        | |  2.5
Stealth        | |  0.1

Action                   |  1- 3 |  4- 6 || total
-------------------------+-------+-------++-------
Melee: Mace              |    76 |    36 ||   112
       Headbutt          |     9 |     6 ||    15
Invok: Berserk           |     2 |     1 ||     3
  Use: Scroll            |       |     4 ||     4
       Potion            |       |     2 ||     2
Armor: Animal skin       |    15 |       ||    15
       Ring mail         |    22 |    17 ||    39
Dodge: Dodged            |    49 |     8 ||    57
Block: Tower shield      |    54 |    26 ||    80
